[Event "2026 Biel Blitz Open"]
[Site "Biel, CH"]
[Date "2026.07.19"]
[Round "10"]
[White "Jehnichen, Kai"]
[Black "Gireada, Lucas"]
[Result "1/2-1/2"]
[Board "35"]
[TimeControl "180+2"]
[WhiteFideId "24684333"]
[BlackFideId "1373544"]
[WhiteElo "1952"]
[BlackElo "1651"]
[WhiteClock "0:02:29"]
[BlackClock "0:01:07"]
[Variant "Standard"]
[EndDate "2026.07.19"]
[EndTime "14:55:15"]

1. Nf3 Nf6 2. g3 g6 3. b3 b6 4. Bg2 Bb7 5. Bb2 Bg7 6. O-O O-O 7. c4 c5 8. Nc3 d5 9. cxd5 Nxd5 10. Qc1 Nxc3 11. Bxc3 Bxc3 12. Qxc3 Nc6 13. h4 h5 14. Ng5 Rb8 15. Rad1 Qd4 16. Bxc6 Qxc3 17. dxc3 Bxc6 18. c4 Rbd8 19. f3 Kg7 20. Kf2 e5 21. e3 Rfe8 22. Ke2 Kf6 23. Nh7+ Kg7 24. Ng5 Kf6 25. f4 e4 26. Nh7+ Kg7 27. Ng5 Kf6 1/2-1/2

[Event "2026 Biel Blitz Open"]
[Site "Biel, CH"]
[Date "2026.07.19"]
[Round "10"]
[White "Damen, Josephine"]
[Black "Havolli, Daut"]
[Result "1/2-1/2"]
[Board "36"]
[TimeControl "180+2"]
[WhiteFideId "1074369"]
[BlackFideId "1315200"]
[WhiteElo "1766"]
[BlackElo "1950"]
[WhiteTitle "WCM"]
[WhiteClock "0:00:13"]
[BlackClock "0:00:07"]
[Variant "Standard"]
[EndDate "2026.07.19"]
[EndTime "14:59:09"]

1. e4 c6 2. d4 d5 3. exd5 cxd5 4. c4 Nc6 5. Nf3 Bg4 6. Be3 Nf6 7. Nc3 e6 8. c5 Be7 9. Bb5 O-O 10. O-O a6 11. Bxc6 bxc6 12. h3 Bh5 13. g4 Bg6 14. Ne5 Qc7 15. Bf4 Qb7 16. Na4 Nd7 17. Nxd7 Qxd7 18. Nb6 Qb7 19. Nxa8 Rxa8 20. Qd2 h6 21. a3 Bf6 22. b4 Re8 23. Rfe1 Qb5 24. a4 Qc4 25. Be5 Bg5 26. f4 Bh4 27. Rec1 Qd3 28. Qxd3 Bxd3 29. Rc3 Bc4 30. Rb1 f6 31. Bd6 g5 32. fxg5 Bxg5 33. b5 axb5 34. axb5 Bd2 35. Rxc4 dxc4 36. b6 c3 37. b7 c2 38. Rf1 c1=Q 39. Rxc1 Bxc1 40. b8=Q Rxb8 41. Bxb8 Be3+ 42. Kf1 Bxd4 43. Bd6 Kf7 44. Ke2 e5 45. Kd3 Ke6 46. Ke4 Bf2 47. Bf8 Bg1 48. Bd6 Bf2 49. Bf8 Bd4 50. Bd6 Bf2 51. Bxe5 1/2-1/2

[Event "2026 Biel Blitz Open"]
[Site "Biel, CH"]
[Date "2026.07.19"]
[Round "10"]
[White "Chu, Wa Ching David"]
[Black "Rohrer, Christophe"]
[Result "0-1"]
[Board "37"]
[TimeControl "180+2"]
[WhiteFideId "6013180"]
[BlackFideId "1326546"]
[WhiteElo "1673"]
[BlackElo "2216"]
[BlackTitle "FM"]
[WhiteClock "0:00:03"]
[BlackClock "0:00:39"]
[Variant "Standard"]
[EndDate "2026.07.19"]
[EndTime "15:01:47"]

1. d4 Nf6 2. Bg5 c5 3. Bxf6 gxf6 4. dxc5 Qa5+ 5. Nc3 Qxc5 6. e3 Nc6 7. Nf3 e6 8. a3 d5 9. Nb5 Qb6 10. Rb1 a6 11. Nc3 Bd7 12. g3 Be7 13. Bg2 f5 14. Nd4 Ne5 15. O-O h5 16. h4 Rc8 17. Nf3 Ng4 18. Qd4 Qxd4 19. exd4 Bd6 20. Rfe1 Kf8 21. Bh3 Rg8 22. Bxg4 Rxg4 23. Rbd1 f6 24. Nh2 Rg7 25. Nf3 f4 26. Kf1 fxg3 27. fxg3 Rxg3 28. Kf2 Rg4 29. Rg1 Kf7 30. Rde1 Rcg8 31. Rxg4 hxg4 32. Ng1 Rh8 33. Kg2 Rxh4 34. Nge2 Rh2+ 35. Kg1 Rh3 36. Kg2 Kg6 37. Rf1 Kg5 38. Nd1 Rh2+ 39. Kg1 Rxe2 40. Rf2 0-1

[Event "2026 Biel Blitz Open"]
[Site "Biel, CH"]
[Date "2026.07.19"]
[Round "10"]
[White "Pinelli, Gian"]
[Black "Hirzel, Robin"]
[Result "1-0"]
[Board "39"]
[TimeControl "180+2"]
[WhiteFideId "1348710"]
[BlackFideId "1342320"]
[WhiteElo "1751"]
[BlackElo "2022"]
[WhiteClock "0:00:42"]
[BlackClock "0:00:09"]
[Variant "Standard"]
[EndDate "2026.07.19"]
[EndTime "15:02:40"]

1. d4 Nf6 2. c4 e6 3. Nc3 d5 4. cxd5 exd5 5. Bg5 Be7 6. e3 O-O 7. Bd3 c6 8. Nge2 Be6 9. Qc2 h6 10. Bh4 Nbd7 11. Nf4 Rc8 12. Nxe6 fxe6 13. O-O e5 14. f3 Qc7 15. Bg3 Bd6 16. Rac1 exd4 17. Bxd6 Qxd6 18. exd4 Qf4 19. Ne2 Qd6 20. Rfe1 Rfe8 21. a3 Re3 22. Ng3 Rxe1+ 23. Rxe1 Re8 24. Rxe8+ Nxe8 25. Qe2 Nef6 26. Nf5 Qf4 27. Ne7+ Kf7 28. Bg6+ Kf8 29. Nf5 Qc1+ 30. Kf2 Ne4+ 31. fxe4 Qf4+ 32. Qf3 Qd2+ 33. Kg3 Qg5+ 34. Qg4 Qxg4+ 35. Kxg4 Nf6+ 36. Kf4 Nxe4 37. Ne3 Nd6 38. Ke5 Nb5 39. Nf5 b6 40. Nd6 Nc7 41. Nc8 Nb5 42. a4 Nc7 43. Nxa7 c5 44. dxc5 bxc5 45. Kd6 1-0

[Event "2026 Biel Blitz Open"]
[Site "Biel, CH"]
[Date "2026.07.19"]
[Round "10"]
[White "Zumbrunn, Simon"]
[Black "Osmani, Xhevdet"]
[Result "0-1"]
[Board "40"]
[TimeControl "180+2"]
[WhiteFideId "1364146"]
[BlackFideId "22104569"]
[WhiteElo "1802"]
[BlackElo "1959"]
[WhiteClock "0:00:12"]
[BlackClock "0:02:00"]
[Variant "Standard"]
[EndDate "2026.07.19"]
[EndTime "15:04:21"]

1. e4 c6 2. d4 d5 3. f3 e6 4. Nc3 Qc7 5. Nh3 a6 6. Bf4 Bd6 7. e5 Be7 8. Na4 b5 9. Nc5 Bxc5 10. dxc5 Ne7 11. Bg3 Ng6 12. f4 Nd7 13. b4 Bb7 14. Ng5 O-O 15. h4 h6 16. h5 Ne7 17. Nf3 a5 18. c3 axb4 19. cxb4 Ra3 20. Bd3 Rfa8 21. O-O Rxa2 22. Rxa2 Rxa2 23. Bb1 Ra4 24. Qd3 Nf8 25. Be1 Bc8 26. g4 Qa7 27. Nh4 Ra3 28. Qe2 Qa4 29. f5 exf5 30. gxf5 Qb3 31. Rf3 Qa4 32. Bc2 Ra2 33. Rc3 Qxb4 34. f6 Nf5 35. Nxf5 Bxf5 36. fxg7 Ne6 37. Qd1 Qd4+ 38. Qxd4 Nxd4 39. Bxf5 Nxf5 40. Rf3 Nd4 41. Rf4 Ne6 42. Rf1 d4 43. Bf2 Rc2 44. Rd1 Rxc5 45. Bxd4 Rd5 46. Kf2 Rxd4 47. Rc1 c5 48. Ke3 Kxg7 49. Rg1+ Kf8 50. Ra1 0-1

[Event "2026 Biel Blitz Open"]
[Site "Biel, CH"]
[Date "2026.07.19"]
[Round "10"]
[White "Vedant Nayudu"]
[Black "Dai, Wenzhi"]
[Result "0-1"]
[Board "41"]
[TimeControl "180+2"]
[WhiteFideId "33369780"]
[BlackFideId "8608369"]
[WhiteElo "1732"]
[BlackElo "1943"]
[WhiteClock "0:00:06"]
[BlackClock "0:00:01"]
[Variant "Standard"]
[EndDate "2026.07.19"]
[EndTime "15:07:20"]

1. e4 e5 2. Nf3 Nf6 3. Nxe5 d6 4. Nf3 Nxe4 5. Nc3 Nxc3 6. dxc3 Be7 7. Be3 Nd7 8. Qd2 Nf6 9. h3 O-O 10. O-O-O Re8 11. g4 Be6 12. Rg1 c5 13. Kb1 a6 14. Ng5 Bd5 15. Bg2 Bxg2 16. Rxg2 b5 17. f4 Bf8 18. f5 Qe7 19. Bf4 d5 20. h4 Rad8 21. Nf3 Ne4 22. Qc1 Qb7 23. g5 b4 24. cxb4 Qxb4 25. c3 Nxc3+ 26. Qxc3 Qxf4 27. f6 g6 28. Re1 Rxe1+ 29. Nxe1 Qe4+ 30. Rc2 d4 31. Qd2 c4 32. Ka1 d3 33. Rc1 Qxh4 34. a3 Qe4 35. Rd1 Re8 36. Ng2 Qe2 37. Nf4 Qxd2 38. Rxd2 Bd6 39. Nd5 Re2 40. Rd1 d2 41. Nc3 Re1 42. Kb1 Bf4 43. Kc2 Rxd1 44. Kxd1 Bxg5 45. Ne4 Bf4 46. Kc2 h5 47. Nxd2 Bxd2 48. Kxd2 h4 49. Ke2 g5 50. Kf3 Kf8 51. Kg4 Ke8 52. a4 a5 53. Kf3 Kd7 54. Kg4 Ke6 0-1

[Event "2026 Biel Blitz Open"]
[Site "Biel, CH"]
[Date "2026.07.19"]
[Round "10"]
[White "Tahari, Youcef Nazim"]
[Black "Wilhelm, Serge"]
[Result "1-0"]
[Board "43"]
[TimeControl "180+2"]
[WhiteFideId "282537"]
[BlackFideId "1305808"]
[WhiteElo "1691"]
[BlackElo "1923"]
[WhiteClock "0:01:22"]
[BlackClock "0:01:58"]
[Variant "Standard"]
[EndDate "2026.07.19"]
[EndTime "14:54:58"]

1. e4 c6 2. d4 d5 3. f3 e6 4. Nc3 Bb4 5. Bd2 Ne7 6. a3 Bxc3 7. Bxc3 Nd7 8. Bd3 b6 9. b4 O-O 10. Nh3 Bb7 11. O-O c5 12. dxc5 bxc5 13. Bb2 cxb4 14. axb4 Qb6+ 15. Nf2 Qxb4 16. Ba3 Qb6 17. Bxe7 Rfe8 18. Ba3 Nf6 19. Kh1 Rad8 20. e5 Nd7 21. f4 Rc8 22. Qh5 g6 23. Qh6 Nc5 24. Ng4 Nd7 25. Nf6+ 1-0

[Event "2026 Biel Blitz Open"]
[Site "Biel, CH"]
[Date "2026.07.19"]
[Round "10"]
[White "Berezovskii, Arina"]
[Black "Trubini, Timon"]
[Result "0-1"]
[Board "45"]
[TimeControl "180+2"]
[WhiteFideId "34449850"]
[BlackFideId "1347799"]
[WhiteElo "1851"]
[BlackElo "1788"]
[WhiteTitle "WCM"]
[WhiteClock "0:00:09"]
[BlackClock "0:00:03"]
[Variant "Standard"]
[EndDate "2026.07.19"]
[EndTime "15:07:42"]

1. e4 c5 2. Nf3 d6 3. c3 Nf6 4. h3 Nc6 5. Bd3 g5 6. Bc2 g4 7. hxg4 Bxg4 8. d4 cxd4 9. cxd4 Bxf3 10. gxf3 Rg8 11. Nc3 Rc8 12. Be3 Qb6 13. d5 Qxb2 14. Na4 Qb4+ 15. Bd2 Qd4 16. dxc6 b5 17. Nc3 Rxc6 18. Rb1 Rg2 19. Rf1 Rxc3 20. Bxc3 Qxc3+ 21. Qd2 Qc5 22. a4 a6 23. axb5 axb5 24. Qd3 Nd7 25. Rxb5 Qa7 26. Qc3 e6 27. Qc8+ Ke7 28. Rb7 Qa1+ 29. Ke2 Qa6+ 30. Ke1 Qa5+ 31. Kd1 Qa1+ 32. Bb1 Qd4+ 33. Ke1 Qa4 34. Qc1 Qa5+ 35. Qd2 Qa6 36. Rb2 Nc5 37. Rc2 Bh6 38. Qd1 Nd3+ 39. Ke2 Nf4+ 40. Ke3 Nd5+ 41. Kd4 Qb6+ 42. Kd3 Qb5+ 43. Kd4 e5# 0-1

[Event "2026 Biel Blitz Open"]
[Site "Biel, CH"]
[Date "2026.07.19"]
[Round "10"]
[White "Kutonov, Yehor"]
[Black "Amsellem, Daniel"]
[Result "1-0"]
[Board "46"]
[TimeControl "180+2"]
[WhiteFideId "1364804"]
[BlackFideId "1363522"]
[WhiteElo "1805"]
[BlackElo "1723"]
[WhiteClock "0:00:15"]
[BlackClock "0:00:15"]
[Variant "Standard"]
[EndDate "2026.07.19"]
[EndTime "14:58:37"]

1. d4 Nf6 2. c4 e6 3. Nf3 d5 4. Nc3 c5 5. cxd5 Nxd5 6. e4 Nxc3 7. bxc3 cxd4 8. cxd4 Bb4+ 9. Bd2 Bxd2+ 10. Qxd2 O-O 11. Bc4 Nd7 12. O-O Nf6 13. e5 Nd5 14. Bd3 g6 15. Qh6 f6 16. exf6 Qxf6 17. Ng5 Qg7 18. Qxg7+ Kxg7 19. Rfe1 Nf4 20. Bc4 Rf6 21. g3 Nd5 22. Bxd5 exd5 23. Re7+ Kh6 24. f4 Kh5 25. Rxh7+ Kg4 26. Kg2 Rb6 27. Rf1 Rb2+ 28. Rf2 Rxf2+ 29. Kxf2 b6 30. Nf7 Ba6 31. Ne5+ Kf5 32. Ke3 Rc8 33. Kd2 Ke4 34. Re7 Rh8 35. Nxg6+ 1-0

[Event "2026 Biel Blitz Open"]
[Site "Biel, CH"]
[Date "2026.07.19"]
[Round "10"]
[White "Jelicic, Hugo"]
[Black "Koehler, Noe"]
[Result "1-0"]
[Board "47"]
[TimeControl "180+2"]
[WhiteFideId "1349040"]
[BlackFideId "1362488"]
[WhiteElo "1804"]
[BlackElo "1639"]
[WhiteClock "0:00:25"]
[BlackClock "0:00:08"]
[Variant "Standard"]
[EndDate "2026.07.19"]
[EndTime "14:58:39"]

1. d4 d5 2. Nf3 Nf6 3. c4 e6 4. Nc3 Be7 5. Bf4 Nbd7 6. e3 b6 7. cxd5 Nxd5 8. Nxd5 exd5 9. Bd3 Nf6 10. O-O O-O 11. Ne5 Bb7 12. Rc1 Rc8 13. Qa4 a6 14. Nc6 Bxc6 15. Rxc6 Nh5 16. Be5 f6 17. Qd1 fxe5 18. Qxh5 e4 19. Bxa6 Ra8 20. Be2 Rxa2 21. Rb1 Qd7 22. Bb5 Rf5 23. Qh3 Bd6 24. Rxd6 Qxd6 25. Qxf5 c6 26. Qc8+ Qf8 27. Qxc6 Ra8 28. Qxd5+ Kh8 29. Qxe4 Rc8 30. Bc6 Rc7 31. d5 Qc8 32. Ra1 1-0

[Event "2026 Biel Blitz Open"]
[Site "Biel, CH"]
[Date "2026.07.19"]
[Round "10"]
[White "Langner, Robin"]
[Black "Bujes, Aurelien"]
[Result "1-0"]
[Board "48"]
[TimeControl "180+2"]
[WhiteFideId "34606190"]
[BlackFideId "1347179"]
[WhiteElo "2059"]
[BlackElo "1741"]
[WhiteClock "0:00:23"]
[BlackClock "0:03:02"]
[Variant "Standard"]
[EndDate "2026.07.19"]
[EndTime "14:58:19"]

1. d4 Nf6 2. c4 c5 3. d5 b5 4. cxb5 a6 5. e3 axb5 6. Bxb5 Ba6 7. Bxa6 Nxa6 8. Nf3 g6 9. O-O Bg7 10. Nc3 O-O 11. Nd2 d6 12. Nc4 Nb4 13. e4 Qc7 14. Re1 Nd7 15. Bf4 Rfb8 16. a3 Na6 17. Qd2 Qb7 18. Rad1 Nc7 19. e5 Ne8 20. exd6 exd6 21. Rxe8+ Rxe8 22. Nxd6 Bxc3 23. Qxc3 Qa6 24. Nxe8 Rxe8 25. Bh6 f6 26. Re1 Qc8 27. Bf4 Kf7 28. Rxe8 Qxe8 29. Qe3 f5 30. Qxe8+ Kxe8 31. f3 Kd8 32. Kf2 Kc8 33. Ke3 Kb7 34. Kd3 Kb6 35. Kc4 h5 36. Bd6 g5 37. g3 g4 38. f4 Nf6 1-0

[Event "2026 Biel Blitz Open"]
[Site "Biel, CH"]
[Date "2026.07.19"]
[Round "10"]
[White "Chantrell, Paul"]
[Black "Marinkovic, Zoran"]
[Result "0-1"]
[Board "49"]
[TimeControl "180+2"]
[WhiteFideId "451967"]
[BlackFideId "1346083"]
[WhiteElo "1749"]
[BlackElo "2037"]
[WhiteClock "0:00:09"]
[BlackClock "0:00:29"]
[Variant "Standard"]
[EndDate "2026.07.19"]
[EndTime "15:06:16"]

1. e4 c5 2. Nf3 d6 3. d4 cxd4 4. Nxd4 Nf6 5. Nc3 Nc6 6. Bg5 Qb6 7. Nb3 e6 8. Qd2 Bd7 9. O-O-O Rd8 10. f3 Be7 11. Be3 Qc7 12. Nb5 Qb8 13. Nxd6+ Bxd6 14. Qxd6 Qxd6 15. Rxd6 O-O 16. Bb5 Bc8 17. Rxd8 Rxd8 18. Bxc6 bxc6 19. Bg5 Rd7 20. Nc5 Rd4 21. Bxf6 gxf6 22. Rd1 Rxd1+ 23. Kxd1 Kf8 24. Kd2 Ke7 25. Ke3 Kd6 26. Nb3 e5 27. Nd2 Ba6 28. c4 Ke6 29. b3 f5 30. g3 f6 31. Kd3 h5 32. h4 c5 33. Nf1 f4 34. gxf4 exf4 35. Nd2 Bb7 36. Nb1 f5 37. Nc3 Ke5 38. exf5 Bxf3 39. f6 Kxf6 40. Ne4+ Kf5 41. Nxc5 Kg4 42. Ne6 Bc6 43. b4 f3 44. Ke3 Kxh4 45. Nd4 Kg3 46. Nxc6 f2 47. Nd4 f1=Q 48. c5 Qf4+ 49. Kd3 Qc1 50. c6 Qb1+ 51. Kc3 Qxa2 52. c7 Qa6 53. b5 Qc8 54. Kb4 Qxc7 55. Nc6 a6 56. Nd4 axb5 57. Kxb5 Qd7+ 58. Kc4 Qxd4+ 0-1

[Event "2026 Biel Blitz Open"]
[Site "Biel, CH"]
[Date "2026.07.19"]
[Round "10"]
[White "Jud, Marc"]
[Black "Mousseau, Leo"]
[Result "1-0"]
[Board "51"]
[TimeControl "180+2"]
[WhiteFideId "1309099"]
[BlackFideId "34666931"]
[WhiteElo "1946"]
[BlackElo "1714"]
[WhiteClock "0:00:58"]
[BlackClock "0:00:30"]
[Variant "Standard"]
[EndDate "2026.07.19"]
[EndTime "15:01:32"]

1. d4 Nf6 2. Nf3 g6 3. c4 Bg7 4. Nc3 O-O 5. g3 d6 6. Bg2 Nbd7 7. O-O e5 8. dxe5 dxe5 9. e4 c6 10. h3 Re8 11. Be3 Qc7 12. Qe2 Bf8 13. Rfd1 Nc5 14. Nd2 a5 15. a3 a4 16. Bg5 Bg7 17. Qe3 Ne6 18. Bh6 Nd4 19. Bxg7 Kxg7 20. Rac1 Be6 21. f4 Red8 22. Nf3 Nxf3+ 23. Qxf3 exf4 24. gxf4 Bxc4 25. f5 Bb3 26. Rf1 Bc4 27. Rf2 Rd3 28. e5 Rxf3 29. exf6+ Kxf6 30. Rxf3 Bd5 31. Nxd5+ 1-0

[Event "2026 Biel Blitz Open"]
[Site "Biel, CH"]
[Date "2026.07.19"]
[Round "10"]
[White "Baury, Noe"]
[Black "Mintz, Nathan"]
[Result "1-0"]
[Board "53"]
[TimeControl "180+2"]
[WhiteFideId "651086867"]
[BlackFideId "30995540"]
[WhiteElo "1886"]
[BlackElo "1608"]
[WhiteClock "0:01:21"]
[BlackClock "0:00:04"]
[Variant "Standard"]
[EndDate "2026.07.19"]
[EndTime "14:58:01"]

1. e4 c5 2. d4 cxd4 3. Qxd4 Nc6 4. Qd3 Nf6 5. Nc3 d6 6. Nf3 g6 7. Nd5 Bg7 8. c3 O-O 9. Bg5 Nxd5 10. exd5 Ne5 11. Nxe5 Bxe5 12. Be2 Bf5 13. Qd2 Bg7 14. O-O Qc7 15. a4 Rac8 16. a5 Rfe8 17. Rfe1 Bd7 18. a6 b5 19. Bf3 e6 20. Bf4 e5 21. Bh6 f5 22. Bd1 e4 23. h4 Qc4 24. Be2 Qc7 25. h5 Rb8 26. Qg5 Bxh6 27. Qxh6 Qc5 28. hxg6 hxg6 29. Qxg6+ Kh8 30. Bh5 e3 31. fxe3 Rxe3 32. Qh6+ Kg8 33. Qxe3 1-0

[Event "2026 Biel Blitz Open"]
[Site "Biel, CH"]
[Date "2026.07.19"]
[Round "10"]
[White "Materia, Mario"]
[Black "Draude, Theo"]
[Result "1-0"]
[Board "54"]
[TimeControl "180+2"]
[WhiteFideId "651082241"]
[BlackFideId "34623809"]
[WhiteElo "1723"]
[BlackElo "1861"]
[WhiteClock "0:00:15"]
[BlackClock "0:00:07"]
[Variant "Standard"]
[EndDate "2026.07.19"]
[EndTime "15:01:41"]

1. d4 a6 2. Nf3 e6 3. c4 b5 4. e3 bxc4 5. Bxc4 d5 6. Bd3 c5 7. Nc3 cxd4 8. exd4 Nf6 9. Bg5 Be7 10. O-O O-O 11. Qc2 h6 12. Bh4 Nc6 13. a3 Bd7 14. Na4 Qa5 15. b4 Qc7 16. Bg3 Qa7 17. Nc5 Bxc5 18. dxc5 Rfe8 19. Rfe1 Qb7 20. Ne5 Nxe5 21. Bxe5 Ng4 22. Rac1 Bb5 23. Bxb5 axb5 24. Bb2 Qc7 25. g3 e5 26. Qf5 Qc8 27. Qxc8 Raxc8 28. h3 Nf6 29. Rxe5 Rxe5 30. Bxe5 Ne4 31. Rd1 Ra8 32. Rxd5 Rxa3 33. c6 Nc3 34. Rd8+ Kh7 35. c7 Ne2+ 36. Kg2 1-0

[Event "2026 Biel Blitz Open"]
[Site "Biel, CH"]
[Date "2026.07.19"]
[Round "11"]
[White "Bu, Xiangzhi"]
[Black "Savitha Shri B"]
[Result "1-0"]
[Board "1"]
[TimeControl "180+2"]
[WhiteFideId "8601445"]
[BlackFideId "35061887"]
[WhiteElo "2719"]
[BlackElo "2161"]
[WhiteTitle "GM"]
[BlackTitle "IM"]
[WhiteClock "0:00:21"]
[BlackClock "0:00:18"]
[Variant "Standard"]
[EndDate "2026.07.19"]
[EndTime "15:25:51"]

1. Nf3 c5 2. c4 Nc6 3. Nc3 Nf6 4. g3 d5 5. cxd5 Nxd5 6. Bg2 Nc7 7. a3 e5 8. b4 cxb4 9. axb4 Bxb4 10. Nxe5 Bxc3 11. Nxc6 bxc6 12. dxc3 Qxd1+ 13. Kxd1 Bd7 14. Ba3 O-O-O 15. Kc2 Bf5+ 16. e4 Be6 17. Bc5 a6 18. Ra4 Rd7 19. Rb1 Rhd8 20. Be3 Rd6 21. Bf4 Rd3 22. Bf1 Rd1 23. Rxd1 Rxd1 24. Bxa6+ Nxa6 25. Rxa6 Rf1 26. Be3 Kc7 27. Bc5 Rh1 28. h4 Re1 29. Kd3 Rd1+ 30. Ke3 Rc1 31. Bd4 g6 32. Ra7+ Kc8 33. Kf4 Rc2 34. f3 Kb8 35. Re7 Rg2 36. g4 Rh2 37. Be5+ Kc8 38. Kg3 Rd2 39. Rc7+ Kd8 40. Rxc6 Rd3 41. Kf4 Kd7 42. Rc5 Bb3 43. c4 Bd1 44. Rd5+ Rxd5 45. cxd5 Be2 46. h5 Ke7 47. h6 Kd7 48. Ke3 Bd1 49. Bf6 Kd6 50. Kf4 Kd7 51. Kg3 Kd6 52. g5 Be2 53. Kf2 Bd1 54. Ke3 Kd7 55. f4 Kd6 56. Bc3 Kd7 57. Kd4 Bf3 58. Ke5 Ke7 59. Bb4+ Ke8 60. d6 Kd7 61. Kf6 Bxe4 62. Kg7 1-0

[Event "2026 Biel Blitz Open"]
[Site "Biel, CH"]
[Date "2026.07.19"]
[Round "11"]
[White "Ghosh, Diptayan"]
[Black "Shukhman, Anna"]
[Result "1/2-1/2"]
[Board "2"]
[TimeControl "180+2"]
[WhiteFideId "5045207"]
[BlackFideId "54180058"]
[WhiteElo "2530"]
[BlackElo "2392"]
[WhiteTitle "GM"]
[BlackTitle "WGM"]
[WhiteClock "0:00:16"]
[BlackClock "0:00:18"]
[Variant "Standard"]
[EndDate "2026.07.19"]
[EndTime "15:24:05"]

1. c4 e6 2. Nc3 d5 3. d4 Nf6 4. cxd5 exd5 5. Bg5 Be6 6. e3 Nbd7 7. Bd3 c6 8. f3 Be7 9. Nge2 Nh5 10. Bxe7 Qxe7 11. g4 Nhf6 12. Qd2 O-O-O 13. O-O-O Ne8 14. Kb1 Kb8 15. Rc1 Nb6 16. Nf4 Bc8 17. b3 Nd6 18. a4 Rhe8 19. Rhe1 g5 20. Nh5 f5 21. h3 Qf7 22. Rf1 Nd7 23. Qh2 Nf6 24. Nxf6 Qxf6 25. Rce1 f4 26. exf4 Qxd4 27. Kc2 gxf4 28. Bxh7 Qb4 29. Qd2 Rh8 30. Bd3 Rxh3 31. Ne2 Qa3 32. Nxf4 Rh2 33. Ne2 Qa2+ 34. Kc1 Qa1+ 35. Kc2 Qa2+ 36. Kc1 Qa1+ 1/2-1/2

[Event "2026 Biel Blitz Open"]
[Site "Biel, CH"]
[Date "2026.07.19"]
[Round "11"]
[White "Safarli, Eltaj"]
[Black "Aronyak Ghosh"]
[Result "1-0"]
[Board "3"]
[TimeControl "180+2"]
[WhiteFideId "13402129"]
[BlackFideId "25072846"]
[WhiteElo "2619"]
[BlackElo "2488"]
[WhiteTitle "GM"]
[BlackTitle "IM"]
[WhiteClock "0:00:32"]
[BlackClock "0:00:04"]
[Variant "Standard"]
[EndDate "2026.07.19"]
[EndTime "15:24:21"]

1. e4 c6 2. d4 d5 3. exd5 cxd5 4. c4 Nf6 5. Nc3 Nc6 6. Bg5 Be6 7. Be2 h6 8. Bxf6 exf6 9. Bf3 Bb4 10. Nge2 O-O 11. O-O Ne7 12. c5 Ba5 13. Nf4 Qd7 14. Re1 Rfe8 15. Nxe6 fxe6 16. Rb1 Nc6 17. a3 Bxc3 18. bxc3 Rab8 19. h4 b6 20. cxb6 axb6 21. Qd3 Qd6 22. a4 Ne7 23. Bg4 f5 24. Bh5 Rec8 25. Qe2 Rc6 26. Rbd1 g6 27. Bf3 Rbc8 28. Rd3 Kf7 29. Qd2 Ng8 30. Rde3 Qc7 31. c4 Nf6 32. cxd5 exd5 33. Re5 Rc1 34. Qxh6 Rxe1+ 35. Rxe1 Qc3 36. Rd1 Qc2 37. h5 Rg8 38. hxg6+ Rxg6 39. Qf4 Qxa4 40. Qxf5 Kg7 41. Rc1 Qa7 42. Qe5 Kh6 43. Qf4+ 1-0

[Event "2026 Biel Blitz Open"]
[Site "Biel, CH"]
[Date "2026.07.19"]
[Round "11"]
[White "Thorfinnsson, Bjorn"]
[Black "Alexakis, Dimitris"]
[Result "1/2-1/2"]
[Board "4"]
[TimeControl "180+2"]
[WhiteFideId "2300982"]
[BlackFideId "4277023"]
[WhiteElo "2396"]
[BlackElo "2459"]
[WhiteTitle "IM"]
[BlackTitle "GM"]
[WhiteClock "0:00:17"]
[BlackClock "0:00:06"]
[Variant "Standard"]
[EndDate "2026.07.19"]
[EndTime "15:26:05"]

1. d4 Nf6 2. Nf3 c5 3. c3 d5 4. Bg5 Nc6 5. e3 Qb6 6. Qb3 Ne4 7. Bf4 Bf5 8. Nbd2 e6 9. Qxb6 axb6 10. Nxe4 Bxe4 11. Bc7 Bxf3 12. gxf3 c4 13. a3 b5 14. Rd1 Kd7 15. Bg3 h5 16. h4 g6 17. Bg2 Be7 18. Kd2 Bd6 19. Rde1 Ne7 20. e4 Rag8 21. Reg1 g5 22. hxg5 Bxg3 23. fxg3 Rxg5 24. Bf1 Rhg8 25. Rh3 dxe4 26. fxe4 f5 27. Be2 fxe4 28. Rxh5 Rxg3 29. Rxg3 Rxg3 30. Rxb5 e3+ 31. Kc2 Rg2 32. Kd1 Rg1+ 33. Kc2 Rg2 34. Kd1 Rg1+ 35. Kc2 Rg2 36. Kd1 Nd5 37. Bxc4 Nf4 38. Rxb7+ Kc6 39. Rf7 Rg1+ 40. Kc2 e2 41. Bxe2 Nxe2 42. Rf2 Ng3 43. b4 Ne4 44. Re2 Kd5 45. Re3 Rg2+ 46. Kb3 Nd2+ 47. Ka4 Nc4 48. Rh3 Rg8 49. Rh5+ Kd6 50. Kb3 Nd2+ 51. Kc2 Rg2 52. a4 Ne4+ 53. Kd3 Nf2+ 54. Kc4 Nd1 55. Rh3 Ra2 56. a5 Ra3 57. Rg3 Kd7 58. Rh3 Kd6 59. Rg3 Kc7 60. Rh3 Kb7 61. Rg3 Kc7 62. Rh3 Kd6 63. Rg3 Kd7 64. Rh3 Kd6 65. Rg3 Kd7 66. Rh3 1/2-1/2

[Event "2026 Biel Blitz Open"]
[Site "Biel, CH"]
[Date "2026.07.19"]
[Round "11"]
[White "Arjun Kalyan"]
[Black "Mohammad Nubairshah Shaikh"]
[Result "1/2-1/2"]
[Board "5"]
[TimeControl "180+2"]
[WhiteFideId "35018701"]
[BlackFideId "5053196"]
[WhiteElo "2451"]
[BlackElo "2316"]
[WhiteTitle "GM"]
[BlackTitle "IM"]
[WhiteClock "0:00:10"]
[BlackClock "0:00:09"]
[Variant "Standard"]
[EndDate "2026.07.19"]
[EndTime "15:25:23"]

1. e4 c6 2. d4 d5 3. e5 Bf5 4. h4 h5 5. Bd3 Bxd3 6. Qxd3 Qa5+ 7. Nd2 e6 8. Ne2 c5 9. c4 cxd4 10. Qb3 Nd7 11. cxd5 Qxd5 12. Qxd5 exd5 13. Nf3 Bc5 14. Nf4 Ne7 15. e6 fxe6 16. Nxe6 Kf7 17. Nexd4 Bxd4 18. Nxd4 Nc6 19. Be3 Nxd4 20. Bxd4 Rhe8+ 21. Kd2 Re4 22. Kd3 Rae8 23. Rac1 Ne5+ 24. Bxe5 R8xe5 25. Rc7+ Re7 26. Rxe7+ Kxe7 27. g3 Kd6 28. Rc1 Rb4 29. b3 g5 30. hxg5 Rg4 31. Rc8 Rxg5 32. Rd8+ Ke6 33. Re8+ Kd6 34. Rf8 a5 35. Rf6+ Kc5 36. a3 b6 37. Rf8 Re5 38. Rc8+ Kd6 39. f4 Re1 40. Rd8+ Kc6 41. Rc8+ Kd6 42. Rg8 Rb1 43. Kc2 Rg1 44. Rg5 b5 45. b4 a4 46. Rg6+ Kc7 47. Rg5 Kd6 48. f5 Ke5 49. f6+ Kxf6 50. Rxd5 Rg2+ 51. Kb1 Rxg3 52. Rxh5 Rxa3 53. Rxb5 Ke6 54. Kb2 Rb3+ 55. Ka2 1/2-1/2

[Event "2026 Biel Blitz Open"]
[Site "Biel, CH"]
[Date "2026.07.19"]
[Round "11"]
[White "Ling, Chenxuan"]
[Black "Kukushkin, Ivan"]
[Result "1-0"]
[Board "6"]
[TimeControl "180+2"]
[WhiteFideId "30983118"]
[BlackFideId "11634103"]
[WhiteElo "2235"]
[BlackElo "2265"]
[WhiteTitle "CM"]
[BlackTitle "FM"]
[WhiteClock "0:00:18"]
[BlackClock "0:00:10"]
[Variant "Standard"]
[EndDate "2026.07.19"]
[EndTime "15:24:47"]

1. d4 d5 2. c4 e6 3. Nc3 Nf6 4. Nf3 Be7 5. Bf4 c6 6. e3 O-O 7. Bd3 Nbd7 8. O-O dxc4 9. Bxc4 c5 10. dxc5 Nxc5 11. Qe2 Bd7 12. Rfd1 Qb6 13. Ne5 Be8 14. a4 Nb3 15. Rab1 Na5 16. Bb5 a6 17. Bxe8 Rfxe8 18. Nd7 Nxd7 19. Rxd7 Rac8 20. Ne4 Nc4 21. b3 Na3 22. Rbd1 Qxb3 23. Bd6 Bf8 24. Qg4 Rc4 25. Bxa3 Kh8 26. Bxf8 Rxf8 27. Rd8 Rc8 28. Rxf8+ Rxf8 29. Nd6 f5 30. Qe2 Qxa4 31. Nxb7 Qc6 32. Na5 Qb6 33. Nc4 Qb5 34. h3 h6 35. Qd3 a5 36. Nd6 Qc6 37. Nc4 Ra8 38. Ne5 Qc5 39. Qd4 Qc7 40. Qf4 Kg8 41. Rd7 Qc1+ 42. Kh2 Qb2 43. Qg3 g5 44. h4 g4 45. Nxg4 fxg4 46. Qxg4+ Kh8 47. Qg6 Qe5+ 48. f4 1-0